 Dungeon Crawl Stone Soup version 0.27.0-1-g7a089689b8 (webtiles) character file.

Game seed: 888502224094013065

39 Spaninq the Shield-Bearer (level 3, -1/23 HPs)
             Began as a Gargoyle Fighter on July 31, 2021.
             Slain by a goblin (3 damage)
             ... led by Robin
             ... on level 2 of the Dungeon.
             The game lasted 00:01:41 (1129 turns).

Spaninq the Shield-Bearer (Gargoyle Fighter)        Turns: 1129, Time: 00:01:43

Health: -1/23      AC: 10    Str: 17 (20) XL:     3   Next: 47%
Magic:  3/3        EV:  9    Int:  7 (8)  God:
Gold:   59         SH:  4    Dex:  8 (9)  Spells: 2/2 levels left

rFire    . . .     SeeInvis .   a - +0 flail
rCold    . . .     Faith    .   g - +0 buckler
rNeg     + . .     Spirit   .   b - +0 scale mail
rPois    ∞         Reflect  .   (no helmet)
rElec    +         Harm     .   (no cloak)
rCorr    .         Rampage  .   (no gloves)
Will     .....                  (no boots)
Stlth    ..........             (no amulet)
HPRegen  0.07/turn              (no ring)
MPRegen  0.08/turn              (no ring)

@: no status effects
A: sickness immunity, AC +3, negative energy resistance 1, electricity
resistance, torment resistance 1, petrification resistance
a: no special abilities


You were on level 2 of the Dungeon.
You visited 1 branch of the dungeon, and saw 2 of its levels.

You collected 59 gold pieces.

Inventory:

Hand Weapons
 a - a +0 flail (weapon)
Armour
 b - a +0 scale mail (worn)
 c - a +0 kite shield
 g - a +0 buckler (worn)
Scrolls
 f - a scroll of holy word {unknown}
Potions
 d - a potion of might
 h - a potion of flight {unknown}


   Skills:
 + Level 3.6 Fighting
 * Level 2.8 Maces & Flails
 + Level 3.6 Armour
 + Level 3.6 Shields


You had 2 spell levels left.
You didn't know any spells.
Your spell library contained the following spells:

 Spells                   Type           Power      Damage    Failure   Level
 Sandblast                Erth           0%         2d4       85%         1
 Passwall                 Tmut/Erth      0%         N/A       94%         2
 Wereblood                Tmut           0%         N/A       94%         2
 Lee's Rapid Deconstruct  Erth           0%         3d5*      100%        5
 Summon Hydra             Summ           0%         N/A       100%        7
 Sublimation of Blood     Necr           Unusable   N/A       N/A         2

Dungeon Overview and Level Annotations

Branches:
Dungeon (2/15)

Altars:

Annotations:
D:2 Robin


Innate Abilities, Weirdness & Mutations

You are immune to sickness and miasma.
Your stone body is resilient. (AC +3)
You are immune to poison.
You resist negative energy. (rN+)
You are resistant to electric shocks. (rElec)
You are resistant to unholy torment.
You are immune to petrification.


Message History

The goblin hits you with a +0 club. The goblin hits you but does no damage.
You hit the goblin.
The goblin is severely wounded.
A goblin comes into view. It is wielding a +0 dagger.
The goblin closely misses you.
The goblin hits you but does no damage. x3
You thump the goblin!
You kill the goblin!
The goblin hits you with a +0 club. The goblin hits you but does no damage.
The goblin barely misses you. Robin throws the goblin at you!
The goblin hits you with a +0 dagger. The goblin hits you with a +0 club.
Things that are here:
a +0 dagger of freezing; a +0 dagger; a goblin corpse You barely miss the goblin.
The goblin hits you but does no damage.
The goblin no longer looks unusually strong.
Robin throws the goblin at you!
You closely miss the goblin.
The goblin no longer looks unusually strong.
The goblin hits you but does no damage. x2
You barely miss the goblin.
The goblin no longer looks unusually strong.
The goblin hits you but does no damage. x3; The goblin barely misses you.
You completely miss the goblin. You block the goblin's attack.
Robin throws the goblin at you! The goblin hits you but does no damage.
The goblin completely misses you. The goblin hits you but does no damage.
You hit the goblin.
The goblin is heavily wounded.
The goblin closely misses you.
Robin roars a battlecry!
The goblins go into a battle-frenzy!
The goblin hits you with a +0 dagger. x2
* * * LOW HITPOINT WARNING * * *
The goblin hits you but does no damage. You block the goblin's attack.
It was a potion of degeneration.
There was something very wrong with that liquid.
You feel weakened.
You feel dopey.
You feel clumsy. The goblin hits you with a +0 dagger.
* * * LOW HITPOINT WARNING * * *
The goblin hits you but does no damage. The goblin hits you with a +0 dagger.
You die...

##'## #.#..#...###
#.# ###.####...#####
#.# #..# ###...)g#
####.#####.##
##)##.g.#
.......##..# #..#
#...# ##.....##.##
##.## #..
###....#...### +g.#
#
#......#+#...####g##
..#..#.# ###...#@g#
#....### ###.gg##
......# ###.#
####.## ### #.# ###


You could see Robin and 4 goblins.

Vanquished Creatures
  An adder (D:2)
  An orc (D:2)
  A ball python (D:1)
  A bat (D:1)
  4 endoplasms
  A giant cockroach (D:1)
  7 goblins
  3 hobgoblins (D:1)
  A kobold (D:1)
  A quokka (D:1)
  A frilled lizard (D:2)
  3 rats (D:1)
25 creatures vanquished.

Notes
Turn   | Place    | Note
-------+----------+-------------------------------------------
     0 | D:1      | Spaninq the Gargoyle Fighter began the quest for the Orb.
     0 | D:1      | Reached XP level 1. HP: 14/14 MP: 1/1
   106 | D:1      | Reached XP level 2. HP: 18/19 MP: 2/2
  1012 | D:2      | Reached XP level 3. HP: 23/23 MP: 3/3
  1109 | D:2      | Noticed Robin
  1129 | D:2      | Slain by a goblin

Illustrated notes

Levels and vault maps discovered:
D:1:      roderic_octagonal_star, layout_loops_ring, amethyst_killhole,
          feat_on_display
D:2:      minmay_skewed_foursquare, layout_loops_corners, uniq_robin

Action                   || total
-------------------------++-------
Melee: Flail             ||    62
  Use: Potion            ||     1
Armor: Scale mail        ||    46
Dodge: Dodged            ||    30
Block: Kite shield       ||    16
       Buckler           ||     5
